 Dungeon Sprint DCSS version 0.21.1-1-g345015f (webtiles) character file.

261 sankara the Basher (level 5, 0/53 HPs)
             Began as a Minotaur Fighter on Apr 3, 2018.
             Slain by a slime creature (14 damage)
             ... in the Dungeon (Sprint I: "Red Sonja").
             The game lasted 00:02:11 (457 turns).

sankara the Basher (Minotaur Fighter)                Turns: 457, Time: 00:02:11

Health: 0/53       AC:  8    Str: 21    XL:     5   Next: 96%
Magic:  4/4        EV:  8    Int:  5    God:
Gold:   162        SH: 11    Dex: 10    Spells: 4/4 levels left

rFire    . . .     SeeInvis .   a - +0 flail
rCold    . . .     Gourm    .   c - +0 shield
rNeg     . . .     Faith    .   b - +0 scale mail
rPois    .         Spirit   .   (helmet restricted)
rElec    .         Reflect  .   (no cloak)
rCorr    .         Harm     .   (no gloves)
MR       .....     NoTele   +   (no boots)
Stlth    ..........             (no amulet)
HPRegen  0.17/turn              (no ring)
MPRegen  0.09/turn              (no ring)

@: no status effects
A: retaliatory headbutt, horns 2
a: no special abilities


You were in the Dungeon.
You were not hungry.

You visited 1 branch You collected 162 gold pieces.

Inventory:

Hand Weapons
 a - a +0 flail (weapon)
Armour
 b - a +0 scale mail (worn)
 c - a +0 shield (worn)
Scrolls
 k - a scroll of blinking {!r}
Potions
 d - a potion of might
 e - a potion of curing
 g - a potion of heal wounds
 h - a potion of haste
 i - 2 potions of magic
 j - a potion of berserk rage {!q}
Comestibles
 f - a ration


   Skills:
 + Level 7.7 Fighting
 + Level 9.3 Maces & Flails
 + Level 7.7 Armour
 + Level 0.0 Dodging
 + Level 7.7 Shields


You had 4 spell levels left.
You didn't know any spells.

Dungeon Overview and Level Annotations

Branches:
Dungeon (1/1)

Altars:
Makhleb
Xom
Jiyva
Lugonu


Innate Abilities, Weirdness & Mutations

You reflexively headbutt those who attack you in melee.
You have a pair of horns on your head.


Message History

You start resting.
HP restored.
You open the door.
An ogre comes into view. It is wielding a giant club.
The ogre shouts!
Quiver which item? (- for none, * to show all) (? for menu, Esc to quit)
Okay, then.
You sock the ogre!
The ogre is moderately wounded.
The ogre hits you with a giant club!!
Ouch! That really hurt!
You sock the ogre!
You kill the ogre!
Your Fighting skill gained 2 levels and is now at level 6!
Your Maces & Flails skill gained 2 levels and is now at level 6!
Your Armour skill increases to level 6!
Your Shields skill increases to level 6!
You have reached level 3!
Your experience leads to an increase in your attributes!
Increase (S)trength, (I)ntelligence, or (D)exterity?
You feel agile.
You have reached level 4!
You feel stronger.
There is an open door here.
You see here a giant club.
You start resting.
HP restored.
You open the door.
There is an open door here.
You now have 27 gold pieces.
You now have 54 gold pieces (gained 27).
There is an open door here.
You open the door.
Marking area around Sigmund as unsafe for travelling.
Sigmund the Dreaded comes into view.
He is wielding a scythe.
Sigmund shouts!
Sigmund barely misses you.
There is an open door here.
You barely miss Sigmund.
Sigmund casts a spell.
Sigmund flickers and vanishes!
Deactivating autopickup; reactivate with Ctrl-A.
You closely miss something.
You hear some strange, mumbled words.
Something tries to affect you, but you resist.
Your shield and scale mail prevent you from hitting something.
You headbutt something! Something hits you.
Your shield prevents you from hitting something.
Something hits you but does no damage.
You sock something! You closely miss something. Something hits you.
You closely miss something.
Reactivating autopickup.
Your Fighting skill increases to level 7!
Your Maces & Flails skill gained 3 levels and is now at level 9!
Your Armour skill increases to level 7!
Your Shields skill increases to level 7!
You have reached level 5!
You feel a bit more experienced.
Things that are here:
a scythe; a robe You start resting.
HP restored.
You open the door.
There is an open door here.
You now have 81 gold pieces (gained 27).
You now have 108 gold pieces (gained 27).
You now have 135 gold pieces (gained 27).
You now have 162 gold pieces (gained 27).
You open the door.
A slime creature comes into view.
Found four altars.
The slime creature hits you!
There is an open door, spattered with blood here.
Your shield and scale mail prevent you from hitting the slime creature.
You headbutt the slime creature, but do no damage.
The slime creature hits you!!
You hit the slime creature but do no damage.
You block the slime creature's attack.
You thump the slime creature!
The slime creature is lightly wounded.
The slime creature misses you.
You completely miss the slime creature. You headbutt the slime creature!
The slime creature is moderately wounded.
The slime creature closely misses you. You furiously retaliate!
You headbutt the slime creature! You sock the slime creature!
You headbutt the slime creature!
The slime creature is severely wounded.
You block the slime creature's attack.
You thump the slime creature! You headbutt the slime creature.
The slime creature is almost dead.
The slime creature hits you.
You hit the slime creature.
The slime creature is almost dead.
The slime creature hits you.
* * * LOW HITPOINT WARNING * * *
You hit the slime creature but do no damage.
The slime creature is almost dead.
The slime creature hits you!
You die...

###################
#<.#..)..#..'..#__#
#..').#..').#..@J.+
#..#####'#####+#__#
#..# #..# ### #..#
#### #..# #⌠⌠# ####


You could see a slime creature.

Vanquished Creatures
  Sigmund (D)
  An ogre (D)
  Ijyb (D)
3 creatures vanquished.

Notes
Turn   | Place    | Note
-------+----------+-------------------------------------------
     0 | D        | sankara the Minotaur Fighter began the quest for the Orb.
     0 | D        | Reached XP level 1. HP: 19/19 MP: 0/0
     1 | D        | Noticed Ijyb
    17 | D        | Killed Ijyb
    17 | D        | Reached skill level 4 in Fighting
    17 | D        | Reached skill level 4 in Maces & Flails
    17 | D        | Reached skill level 5 in Armour
    17 | D        | Reached skill level 5 in Shields
    17 | D        | Reached XP level 2. HP: 15/28 MP: 1/1
   160 | D        | Noticed an ogre
   163 | D        | Killed an ogre
   163 | D        | Reached skill level 6 in Fighting
   163 | D        | Reached skill level 6 in Maces & Flails
   163 | D        | Reached skill level 6 in Armour
   163 | D        | Reached skill level 6 in Shields
   163 | D        | Reached XP level 3. HP: 12/37 MP: 2/2
   163 | D        | Reached XP level 4. HP: 14/44 MP: 3/3
   380 | D        | Noticed Sigmund
   388 | D        | Killed Sigmund
   388 | D        | Reached skill level 7 in Fighting
   388 | D        | Reached skill level 9 in Maces & Flails
   388 | D        | Reached skill level 7 in Armour
   388 | D        | Reached skill level 7 in Shields
   388 | D        | Reached XP level 5. HP: 44/53 MP: 4/4
   448 | D        | Found a burning altar of Makhleb.
   448 | D        | Found a viscous altar of Jiyva.
   448 | D        | Found a shimmering altar of Xom.
   448 | D        | Found a corrupted altar of Lugonu.
   448 | D        | Noticed a slime creature
   457 | D        | Slain by a slime creature

Skill      XL: |  1  2  3  4 |
---------------+-------------+-----
Fighting       | 4 6 7 |  7.7
Maces & Flails | 4 6 9 |  9.3
Armour         | 5 6 7 |  7.7
Shields        | 5 6 7 |  7.7

Action                   |  1- 3 |  4- 6 || total
-------------------------+-------+-------++-------
Melee: Flail             |    17 |    15 ||    32
       Headbutt          |     4 |     6 ||    10
Armor: Scale mail        |     6 |     1 ||     7
Dodge: Dodged            |     4 |     3 ||     7
Block: Shield            |     5 |     2 ||     7

Vault maps used:
D:        dungeon_sprint_1

Table legend:
 A = Turns spent in this place as a percentage of turns spent in the entire game.
 B = Non-inter-level travel turns spent in this place as a percentage of non-inter-level travel turns spent in the entire game.
 C = Inter-level travel turns spent in this place as a percentage of turns spent in this place.
 D = Turns resting spent in this place as a percentage of non-inter-level travel turns spent in this place.
 E = Turns spent auto-exploring this place as a percentage of non-inter-level travel turns spent in this place.
 F = Non-inter-level travel turns spent in this place divided by the number of levels of this place that you've seen.
                   A       B       C       D       E      F
               +-------+-------+-------+-------+-------+----------------------
         Total | 100.0 | 100.0 |   0.0 |  85.6 |   0.2 | 457.0
       Dungeon | 100.0 | 100.0 |   0.0 |  85.6 |   0.2 | 457.0
               +-------+-------+-------+-------+-------+----------------------

Table legend:
 A = Kills in this place as a percentage of kills in entire the game.
 B = Kills by you in this place as a percentage of kills by you in the entire game.
 C = Kills by friends in this place as a percentage of kills by friends in the entire game.
 D = Other kills in this place as a percentage of other kills in the entire game.
 E = Experience gained in this place as a percentage of experience gained in the entire game.
 F = Experience gained in this place divided by the number of levels of this place that you have seen.
                   A       B       C       D       E      F
               +-------+-------+-------+-------+-------+----------------------
         Total | 100.0 | 100.0 |   N/A |   N/A | 100.0 | 373.0
       Dungeon | 100.0 | 100.0 |   N/A |   N/A | 100.0 | 373.0
               +-------+-------+-------+-------+-------+----------------------
